[Event "FIDE WCCC Open-08 2024"]
[Site "Montesilvano"]
[Date "2024.11.20"]
[Round "6.3"]
[White "Singh, Ian Avery"]
[Black "Badescu, Matei-Andrei"]
[Result "0-1"]
[ECO "B90"]
[WhiteElo "1713"]
[BlackElo "1829"]
[Annotator "NA RC"]
[PlyCount "116"]
[EventDate "2024.11.18"]
[EventType "swiss"]
[EventCountry "ITA"]
[SourceTitle "playchess.com"]
[Source "ChessBase"]
[SourceQuality "1"]
[TimeControl "5400+30"]

1. e4 c5 2. Nf3 d6 3. d4 cxd4 4. Nxd4 Nf6 5. Nc3 a6 6. f3 e5 7. Nb3 h5 8. Be3 Be6 9. Nd5 Bxd5 10. exd5 g6 11. Qd2 Nbd7 12. Be2 Bg7 13. c4 b6 14. O-O O-O 15. Nc1 Qc7 16. Nd3 e4 17. fxe4 Nxe4 18. Qc2 Rae8 19. Qc1 Nec5 20. Nxc5 bxc5 21. Rf3 Qb8 22. Rb1 Rxe3 23. Rxe3 Bd4 24. Kh1 Bxe3 25. Qxe3 Re8 26. Qf2 Qb4 27. Rf1 Ne5 28. b3 Qd2 29. Bf3 Qxf2 30. Rxf2 Nxc4 31. Be2 Nd2 32. h3 Ne4 33. Rf3 Ng3+ 34. Rxg3 Rxe2 35. b4 cxb4 36. a3 bxa3 37. Rxa3 Rd2 38. Rxa6 Rxd5 39. Kg1 Rd2 40. g4 hxg4 41. hxg4 Rd4 42. Kf2 Rxg4 43. Rxd6 Ra4 44. Kg3 Kg7 45. Rb6 f5 46. Kf3 Kh6 47. Rb8 Kg5 48. Rb6 Ra3+ 49. Kf2 f4 50. Rc6 Kf5 51. Rb6 g5 52. Rb5+ Kg4 53. Rc5 Ra2+ 54. Kf1 f3 55. Rb5 Kf4 56. Rc5 g4 57. Rc1 Kg3 58. Rb1 Rh2 0-1

[Event "FIDE WCCC Open-08 2024"]
[Site "Montesilvano"]
[Date "2024.11.20"]
[Round "6.4"]
[White "Mani, Sarbartho"]
[Black "Elemes, Nurmukhamed"]
[Result "1-0"]
[ECO "B23"]
[WhiteElo "1824"]
[BlackElo "1735"]
[Annotator "NA RC"]
[PlyCount "55"]
[EventDate "2024.11.18"]
[EventType "swiss"]
[EventCountry "ITA"]
[SourceTitle "playchess.com"]
[Source "ChessBase"]
[SourceQuality "1"]
[TimeControl "5400+30"]

1. e4 c5 2. Nc3 d6 3. f4 g6 4. Nf3 Bg7 5. Bc4 Nc6 6. d3 e6 7. O-O Nge7 8. Qe1 O-O 9. Bb3 d5 10. Bd2 Nd4 11. Nxd4 cxd4 12. Ne2 dxe4 13. dxe4 b5 14. Ba5 Qd7 15. Rd1 Nc6 16. Bd2 a5 17. a3 Qa7 18. Kh1 Qc5 19. Nc1 Qb6 20. Nd3 Ne7 21. Qh4 Re8 22. Rde1 f6 23. f5 Kh8 24. Ne5 fxe5 25. f6 Ng8 26. fxg7+ Kxg7 27. Rf7+ Kxf7 28. Qxh7+ 1-0

[Event "FIDE WCCC Open-08 2024"]
[Site "Montesilvano"]
[Date "2024.11.20"]
[Round "6.5"]
[White "Protopopescu, Luca"]
[Black "Morozov, Arkhip"]
[Result "1-0"]
[ECO "B50"]
[WhiteElo "1818"]
[BlackElo "1687"]
[Annotator "NA RC"]
[PlyCount "157"]
[EventDate "2024.11.18"]
[EventType "swiss"]
[EventCountry "ITA"]
[SourceTitle "playchess.com"]
[Source "ChessBase"]
[SourceQuality "1"]
[TimeControl "5400+30"]

1. e4 c5 2. Nf3 Nc6 3. Be2 d6 4. O-O g6 5. d3 Bg7 6. c3 Nf6 7. Be3 O-O 8. Na3 Rb8 9. Qd2 Ng4 10. Bg5 b5 11. h3 Nf6 12. Bh6 e6 13. Nc2 Re8 14. Bxg7 Kxg7 15. a4 a6 16. axb5 axb5 17. Qe3 b4 18. Rfb1 bxc3 19. bxc3 Rxb1+ 20. Rxb1 Qa5 21. Qd2 Re7 22. Ne3 Rb7 23. Rxb7 Bxb7 24. Nc4 Qc7 25. Qf4 e5 26. Qg5 h6 27. Qh4 Nd8 28. Nh2 Ne6 29. Ng4 Nxg4 30. Qxg4 Bc8 31. Bf1 Ba6 32. Ne3 Qd8 33. g3 Bc8 34. Qd1 Qa5 35. Qb3 Ba6 36. Qb8 Qd8 37. Qa7 Bb5 38. Qb7 Be8 39. Nc4 Kf8 40. h4 Nc7 41. Qb6 Ke7 42. d4 cxd4 43. cxd4 f6 44. dxe5 dxe5 45. Qc5+ Kf7 46. Nd6+ Kf8 47. Nb5+ Qe7 48. Qxe7+ Kxe7 49. Nxc7 Bc6 50. Nd5+ Ke6 51. Bc4 Be8 52. Nc7+ Ke7 53. Nxe8 Kxe8 54. h5 gxh5 55. Be2 h4 56. gxh4 Kf7 57. Bg4 Kg6 58. Kf1 Kf7 59. Ke2 Ke7 60. Bf5 Kd6 61. Kf3 Ke7 62. Kg4 Kf7 63. Kh5 Kg7 64. f3 Kf7 65. Kxh6 Kf8 66. Kg6 Kg8 67. Kxf6 Kh8 68. Kxe5 Kg7 69. Kd6 Kf6 70. e5+ Kxf5 71. e6 Kf4 72. e7 Kxf3 73. e8=Q Kg4 74. h5 Kf4 75. h6 Kf3 76. h7 Kf4 77. h8=Q Kf3 78. Qh3+ Kf2 79. Qee3# 1-0

[Event "FIDE WCCC Open-08 2024"]
[Site "Montesilvano"]
[Date "2024.11.20"]
[Round "6.6"]
[White "Kavish Palaniappan K"]
[Black "Divith Reddy Adulla"]
[Result "1-0"]
[ECO "B28"]
[WhiteElo "1589"]
[BlackElo "1784"]
[Annotator "NA RC"]
[PlyCount "71"]
[EventDate "2024.11.18"]
[EventType "swiss"]
[EventCountry "ITA"]
[SourceTitle "playchess.com"]
[Source "ChessBase"]
[SourceQuality "1"]
[TimeControl "5400+30"]

1. e4 c5 2. Nf3 a6 3. d4 cxd4 4. Nxd4 Nf6 5. Nc3 e5 6. Nf3 Bb4 7. Be2 Nxe4 8. O-O Bxc3 9. bxc3 Nxc3 10. Qe1 Nxe2+ 11. Qxe2 O-O 12. Qxe5 Nc6 13. Qd6 Re8 14. Bf4 Re6 15. Qd5 Qf6 16. Bg3 Ne7 17. Qd3 Nf5 18. Be5 Qg6 19. Rae1 b5 20. Qd5 Rc6 21. Bb8 h6 22. Re8+ Kh7 23. Ne5 Qg5 24. Rh8+ Kxh8 25. Nxf7+ Kh7 26. Nxg5+ Kg6 27. Nf3 Rxb8 28. Ne5+ Kh5 29. Nxc6 dxc6 30. Qe5 Ra8 31. Rd1 Kh4 32. Qf4+ Kh5 33. g4+ Kg6 34. gxf5+ Kh5 35. Rd3 Bb7 36. Rh3# 1-0

[Event "FIDE WCCC Open-08 2024"]
[Site "Montesilvano"]
[Date "2024.11.20"]
[Round "6.7"]
[White "Ulan, Rizat"]
[Black "Zhu, Daniel"]
[Result "1-0"]
[ECO "B50"]
[WhiteElo "1783"]
[BlackElo "2050"]
[Annotator "RC"]
[PlyCount "117"]
[EventDate "2024.11.18"]
[EventType "swiss"]
[EventCountry "ITA"]
[SourceTitle "playchess.com"]
[Source "ChessBase"]
[SourceQuality "1"]
[TimeControl "5400+30"]

1. e4 c5 2. Nf3 d6 3. c3 Nf6 4. Be2 Bd7 5. Qc2 Nc6 6. d4 cxd4 7. cxd4 Rc8 8. Nc3 g6 9. O-O Bg7 10. h3 O-O 11. Rd1 a6 12. a4 e6 13. Bf4 Qe7 14. Qb3 Na5 15. Qb4 Nc6 16. Bxd6 Qd8 17. Qxb7 Re8 18. Qxa6 Ra8 19. Qd3 Qa5 20. e5 Nd5 21. Nxd5 Qxd5 22. Ng5 h6 23. Bf3 Qa5 24. Ne4 Rac8 25. Nc5 Nb4 26. Qd2 Bc6 27. Nd3 Bxf3 28. Bxb4 Qa8 29. gxf3 Qxf3 30. Qe3 Qf5 31. Kg2 Kh7 32. Qf4 Qh5 33. Qg4 Qxg4+ 34. hxg4 g5 35. a5 Kg6 36. a6 f5 37. exf6 Bxf6 38. Ne5+ Bxe5 39. dxe5 Rc4 40. a7 Rxg4+ 41. Kf1 Ra8 42. Be7 Rh4 43. b4 Rh1+ 44. Ke2 Rh4 45. Rd8 Rxa7 46. Rxa7 Re4+ 47. Kd3 Rxe5 48. Ra5 Re1 49. b5 Rd1+ 50. Kc2 Rf1 51. b6 Rxf2+ 52. Rd2 Rf4 53. b7 Rc4+ 54. Kb3 Rb4+ 55. Kxb4 g4 56. b8=Q e5 57. Rf2 g3 58. Qg8+ Kh5 59. Rxe5# 1-0

[Event "FIDE WCCC Open-08 2024"]
[Site "Montesilvano"]
[Date "2024.11.20"]
[Round "6.8"]
[White "Bausys, Benas"]
[Black "Zhang, Yangming"]
[Result "1-0"]
[ECO "B33"]
[WhiteElo "1564"]
[BlackElo "1770"]
[Annotator "NA RC"]
[PlyCount "117"]
[EventDate "2024.11.18"]
[EventType "swiss"]
[EventCountry "ITA"]
[SourceTitle "playchess.com"]
[Source "ChessBase"]
[SourceQuality "1"]
[TimeControl "5400+30"]

1. e4 c5 2. Nf3 Nc6 3. d4 cxd4 4. Nxd4 Nf6 5. Nc3 e5 6. Ndb5 d6 7. Bg5 a6 8. Bxf6 gxf6 9. Na3 b5 10. Nd5 f5 11. g3 Be6 12. exf5 Bxf5 13. Bg2 Rc8 14. c3 Bg7 15. Nc2 O-O 16. Nce3 Bg6 17. h4 h6 18. g4 b4 19. Rc1 e4 20. cxb4 Re8 21. Nc4 Ne5 22. Nxe5 Bxe5 23. b3 e3 24. fxe3 Bg3+ 25. Ke2 Kg7 26. Rxc8 Qxc8 27. Qd4+ Re5 28. Qc4 Qe6 29. Qd4 Qc8 30. Kf3 Bxh4 31. Rxh4 Be4+ 32. Kg3 Bxg2 33. Kxg2 Qc6 34. Rh5 Qc2+ 35. Kg3 Qe2 36. Rxe5 Qe1+ 37. Kf4 Qf2+ 38. Ke4 Qc2+ 39. Qd3 Qg2+ 40. Kf5 Qf3+ 41. Nf4 dxe5 42. Qe4 Qxe4+ 43. Kxe4 exf4 44. exf4 Kf6 45. a4 Ke6 46. b5 axb5 47. axb5 Kd6 48. Kf5 Kc5 49. Kf6 Kxb5 50. Kxf7 Kb4 51. g5 hxg5 52. fxg5 Kxb3 53. g6 Kc4 54. g7 Kd5 55. g8=Q Ke4 56. Qg4+ Ke5 57. Ke7 Kd5 58. Qe6+ Kd4 59. Kd6 1-0

[Event "FIDE WCCC Open-08 2024"]
[Site "Montesilvano"]
[Date "2024.11.20"]
[Round "6.9"]
[White "Alloussi, Arian"]
[Black "Jia, Zining (Matthew)"]
[Result "0-1"]
[ECO "C00"]
[WhiteElo "1745"]
[BlackElo "1550"]
[Annotator "NA RC"]
[PlyCount "104"]
[EventDate "2024.11.18"]
[EventType "swiss"]
[EventCountry "ITA"]
[SourceTitle "playchess.com"]
[Source "ChessBase"]
[SourceQuality "1"]
[TimeControl "5400+30"]

1. e4 e6 2. d3 d5 3. Nd2 Nf6 4. Ngf3 b6 5. e5 Nfd7 6. d4 c5 7. c3 Nc6 8. a3 a6 9. Bd3 b5 10. O-O Bb7 11. Re1 Qb6 12. dxc5 Bxc5 13. Qe2 Qc7 14. Nb3 Ba7 15. Bf4 Na5 16. Nxa5 Qxa5 17. Rad1 Qc7 18. Bg3 Nc5 19. Bc2 h6 20. Nd4 Nd7 21. Bb3 Nb6 22. Qg4 g5 23. h3 O-O-O 24. Ra1 Nc4 25. Qe2 Na5 26. Bc2 Nc4 27. Bd3 Kb8 28. a4 bxa4 29. Rxa4 Rc8 30. Ra2 h5 31. Rea1 Bxd4 32. cxd4 Qb6 33. Rb1 Qb3 34. Rba1 Qb6 35. Rb1 Qb3 36. Rba1 h4 37. Bh2 Rc6 38. Bc2 Qb4 39. Bd3 Rhc8 40. Ra4 Qb6 41. g3 Nxb2 42. Rb1 Rc1+ 43. Kg2 Rxb1 44. Bxb1 Nxa4 45. Qd3 Rc3 46. Qh7 Qxd4 47. Qg8+ Ka7 48. Qxg5 Qd1 49. Qe7 d4+ 50. Be4 Nc5 51. Bc6 Rc1 52. Qxf7 Qh1# 0-1

[Event "FIDE WCCC Open-08 2024"]
[Site "Montesilvano"]
[Date "2024.11.20"]
[Round "6.10"]
[White "Stankowski, Wiktor"]
[Black "Hu, Junyan"]
[Result "1-0"]
[ECO "B45"]
[WhiteElo "1617"]
[BlackElo "1924"]
[Annotator "NA RC"]
[PlyCount "113"]
[EventDate "2024.11.18"]
[EventType "swiss"]
[EventCountry "ITA"]
[SourceTitle "playchess.com"]
[Source "ChessBase"]
[SourceQuality "1"]
[TimeControl "5400+30"]

1. e4 c5 2. Nf3 e6 3. d4 cxd4 4. Nxd4 Nf6 5. Nc3 Nc6 6. Ndb5 Bc5 7. Bf4 O-O 8. Bc7 Qe7 9. Bd6 Bxd6 10. Qxd6 Qd8 11. O-O-O a6 12. Nd4 Ne7 13. h4 b5 14. f3 Ne8 15. Qh2 b4 16. Nce2 a5 17. g4 a4 18. Kd2 d5 19. e5 Qb6 20. h5 Ba6 21. Ke1 Rc8 22. g5 Nc7 23. Qf4 Bxe2 24. Bxe2 Nc6 25. Nxc6 Qxc6 26. h6 g6 27. Qxb4 Rb8 28. Qc3 Qb6 29. b3 axb3 30. axb3 Rfc8 31. Qd4 Qc6 32. Rd2 Rb6 33. Kf2 Rcb8 34. Ra1 Rb4 35. Qe3 Rd8 36. f4 Re4 37. Qxe4 dxe4 38. Rxd8+ Ne8 39. Raa8 e3+ 40. Kg3 Kf8 41. Rxe8+ Qxe8 42. Rxe8+ Kxe8 43. Kf3 Kd7 44. Kxe3 f5 45. exf6 Ke8 46. b4 Kf7 47. b5 e5 48. b6 exf4+ 49. Kxf4 Kg8 50. b7 Kf7 51. Bc4+ Ke8 52. b8=Q+ Kd7 53. Qb6 Ke8 54. Qe6+ Kd8 55. Qe7+ Kc8 56. Ba6+ Kb8 57. Qb7# 1-0

[Event "FIDE WCCC Open-08 2024"]
[Site "Montesilvano"]
[Date "2024.11.20"]
[Round "6.11"]
[White "Kapitanski, Furion"]
[Black "Mankovich, Yoav"]
[Result "1/2-1/2"]
[ECO "B35"]
[WhiteElo "1707"]
[BlackElo "1490"]
[Annotator "NA RC"]
[PlyCount "154"]
[EventDate "2024.11.18"]
[EventType "swiss"]
[EventCountry "ITA"]
[SourceTitle "playchess.com"]
[Source "ChessBase"]
[SourceQuality "1"]
[TimeControl "5400+30"]

1. e4 c5 2. Nf3 Nc6 3. d4 cxd4 4. Nxd4 g6 5. Nc3 Bg7 6. Be3 Nf6 7. Bc4 O-O 8. h3 Nxe4 9. Nxe4 d5 10. c3 dxc4 11. O-O Nxd4 12. Bxd4 e5 13. Bc5 Re8 14. Nd6 Re6 15. Nxc4 Qc7 16. Ba3 b5 17. Nd6 Bd7 18. Qd3 a6 19. Rfd1 Bc6 20. Rac1 Bh6 21. Rc2 e4 22. Qg3 Rd8 23. Rd4 Rd7 24. Nf5 Bf4 25. Rxd7 Bxd7 26. Nh6+ Kh8 27. Qh4 Kg7 28. Ng4 h5 29. Ne3 Bxe3 30. fxe3 a5 31. Re2 Qc4 32. Qe1 Re5 33. b3 Qc6 34. Bb2 Rg5 35. c4+ Kh7 36. Qc3 f6 37. Qxf6 Qxf6 38. Bxf6 Rf5 39. Rd2 Be6 40. Bd8 bxc4 41. bxc4 Bxc4 42. a3 Rb5 43. Rd4 Bd3 44. Ra4 Rb1+ 45. Kf2 Rf1+ 46. Kg3 Re1 47. Bg5 Kg7 48. Rxa5 Kf7 49. Re5 Ra1 50. Re7+ Kf8 51. Ra7 Ra2 52. Rc7 Kg8 53. Bf6 Rxa3 54. Rg7+ Kf8 55. Rxg6 Kf7 56. Rh6 Ra6 57. Bg5 Rxh6 58. Bxh6 Kg6 59. Bf4 Bc2 60. Kh4 Bd3 61. g4 hxg4 62. Kxg4 Be2+ 63. Kg3 Bd3 64. Be5 Kh5 65. Bf6 Kg6 66. Bd8 Kh5 67. Kf4 Bc2 68. Kf5 Bd3 69. Kf4 Bc2 70. Kg3 Bd3 71. Bc7 Bc2 72. Bd8 Bd3 73. Bc7 Bc2 74. Bd8 Bd3 75. Bc7 Bc2 76. Bd8 Bd3 77. Bc7 Bc2 1/2-1/2

[Event "FIDE WCCC Open-08 2024"]
[Site "Montesilvano"]
[Date "2024.11.20"]
[Round "6.12"]
[White "Su, Milo"]
[Black "Sahin, Bora"]
[Result "1-0"]
[ECO "B40"]
[WhiteElo "1696"]
[BlackElo "1703"]
[Annotator "NA RC"]
[PlyCount "67"]
[EventDate "2024.11.18"]
[EventType "swiss"]
[EventCountry "ITA"]
[SourceTitle "playchess.com"]
[Source "ChessBase"]
[SourceQuality "1"]
[TimeControl "5400+30"]

1. e4 c5 2. Nf3 e6 3. c3 Nf6 4. Bd3 Nc6 5. Bc2 d5 6. e5 Nd7 7. d4 b5 8. O-O Bb7 9. Re1 Be7 10. a3 a5 11. h3 Rc8 12. Bf4 Qb6 13. Bg3 h6 14. Kh1 a4 15. Kh2 g5 16. Qd2 cxd4 17. cxd4 Na5 18. Qe2 Ba6 19. Qd1 h5 20. Kh1 Qc6 21. Nc3 Nc4 22. Qc1 Bxa3 23. bxa3 g4 24. Ng5 Rg8 25. Qf4 Rg7 26. Nxf7 Rc7 27. Ng5 Qb6 28. Nh7 Rf7 29. Bg6 Nb8 30. Ng5 Rce7 31. Nxf7 Kd7 32. Bh4 Re8 33. Ng5 Re7 34. Nh7 1-0

[Event "FIDE WCCC Open-08 2024"]
[Site "Montesilvano"]
[Date "2024.11.20"]
[Round "6.13"]
[White "Guo, Philipp Ziming"]
[Black "Cardas, Serghei"]
[Result "1-0"]
[ECO "E07"]
[WhiteElo "2139"]
[BlackElo "1627"]
[Annotator "RC"]
[PlyCount "115"]
[EventDate "2024.11.18"]
[EventType "swiss"]
[EventCountry "ITA"]
[SourceTitle "playchess.com"]
[Source "ChessBase"]
[SourceQuality "1"]
[TimeControl "5400+30"]

1. d4 d5 2. c4 e6 3. Nf3 Nf6 4. g3 c6 5. Bg2 Be7 6. O-O O-O 7. Nbd2 Nbd7 8. b3 Re8 9. Bb2 Qc7 10. Qc2 Bd6 11. Rac1 Nf8 12. Rfd1 Ng6 13. a3 Bd7 14. e3 Rac8 15. b4 a5 16. Qb3 Ra8 17. Ne1 b6 18. Nd3 Qb8 19. f4 Rc8 20. Ne5 Qa7 21. Nxd7 Qxd7 22. e4 Be7 23. cxd5 cxd5 24. f5 exf5 25. exd5 Rab8 26. Rc6 Bf8 27. Nc4 a4 28. Qf3 Qd8 29. Ne5 Ne7 30. Rxc8 Rxc8 31. Nc6 Qd6 32. Nxe7+ Qxe7 33. d6 Qxd6 34. Qxf5 Re8 35. d5 Qe7 36. Bxf6 gxf6 37. d6 Qe2 38. Qf3 Qe6 39. d7 Rd8 40. Qd3 Be7 41. Be4 h6 42. Bf5 Qe5 43. Qe4 Qxe4 44. Bxe4 Kf8 45. Kf2 Rb8 46. Kf3 Bd8 47. Bf5 Ke7 48. Ke4 Bc7 49. Kd5 Kd8 50. Rc1 b5 51. Rc6 Rb6 52. Rxb6 Bxb6 53. Kc6 Ke7 54. Kxb6 Kd6 55. d8=Q+ Ke5 56. Qd3 h5 57. Kc6 h4 58. Qe4# 1-0

[Event "FIDE WCCC Open-08 2024"]
[Site "Montesilvano"]
[Date "2024.11.20"]
[Round "6.14"]
[White "Rajabov, Abdurahmon"]
[Black "Lan, Kai Zhou"]
[Result "0-1"]
[ECO "B24"]
[WhiteElo "1515"]
[BlackElo "1784"]
[Annotator "NA RC"]
[PlyCount "116"]
[EventDate "2024.11.18"]
[EventType "swiss"]
[EventCountry "ITA"]
[SourceTitle "playchess.com"]
[Source "ChessBase"]
[SourceQuality "1"]
[TimeControl "5400+30"]

1. e4 c5 2. Nc3 e6 3. g3 Nc6 4. Bg2 Nf6 5. d3 d5 6. Bg5 d4 7. Nce2 Be7 8. Bd2 O-O 9. f4 g6 10. Nf3 c4 11. e5 cxd3 12. cxd3 Nd5 13. O-O Qb6 14. b3 Rd8 15. g4 Nc3 16. Qe1 Nb4 17. Bxc3 Nxd3 18. Bxd4 Nxe1 19. Bxb6 Nxf3+ 20. Bxf3 axb6 21. a4 Bc5+ 22. Kg2 Rb8 23. Rfd1 Bd7 24. Nc3 Bb4 25. Ne4 Bc6 26. Nf6+ Kg7 27. g5 Bd2 28. Bxc6 bxc6 29. Kg3 Rd3+ 30. Kg4 Rd4 31. Rf1 Rbd8 32. Rad1 Kf8 33. Nxh7+ Ke7 34. Nf6 Rb4 35. Ng8+ Kf8 36. Nf6 Rdd4 37. Ne4 Rxe4 38. Rxd2 Rxe5 39. Rc1 c5 40. Rd8+ Kg7 41. Rc3 Ree4 42. Rf3 e5 43. Rd5 Rxf4+ 44. Rxf4 Rxf4+ 45. Kg3 Rd4 46. Rxe5 Rd3+ 47. Kg4 Rxb3 48. a5 c4 49. a6 Ra3 50. Re4 c3 51. Rc4 b5 52. Rc7 b4 53. Rc4 Rxa6 54. Rxb4 c2 55. Rc4 Ra4 56. Rxa4 c1=Q 57. Rf4 Qg1+ 58. Kf3 Qxh2 0-1

[Event "FIDE WCCC Open-08 2024"]
[Site "Montesilvano"]
[Date "2024.11.20"]
[Round "6.15"]
[White "Pham, Han Nam"]
[Black "Movsisyan, Samvel"]
[Result "1-0"]
[ECO "A01"]
[WhiteElo "1912"]
[BlackElo "1604"]
[Annotator "NA RC"]
[PlyCount "119"]
[EventDate "2024.11.18"]
[EventType "swiss"]
[EventCountry "ITA"]
[SourceTitle "playchess.com"]
[Source "ChessBase"]
[SourceQuality "1"]
[TimeControl "5400+30"]

1. b3 e5 2. Bb2 Nc6 3. Nf3 d6 4. c4 Nge7 5. d4 exd4 6. Nxd4 Nxd4 7. Qxd4 Be6 8. e4 Nc6 9. Qd2 Qh4 10. Nc3 Be7 11. g3 Qg4 12. Bg2 Ne5 13. Qe2 h5 14. f4 Nc6 15. Qxg4 hxg4 16. f5 Bd7 17. Nd5 O-O-O 18. Bxg7 Rhe8 19. Kf2 Bg5 20. Bf6 Bxf6 21. Nxf6 Re5 22. Nxg4 Ra5 23. a4 Nd4 24. Rab1 Nxf5 25. Nf6 Nd4 26. Ke3 Nc6 27. Rbf1 Ne5 28. h4 Rh8 29. Bh3 Bxh3 30. Rxh3 Ra6 31. g4 Rb6 32. Kd2 a5 33. g5 Kd8 34. h5 c6 35. Rg3 Ke7 36. g6 fxg6 37. hxg6 Nxg6 38. Rxg6 Rxb3 39. Ng4 Kd8 40. Rxd6+ Kc7 41. Rd3 Rb4 42. Rc3 Rxa4 43. e5 Re8 44. Rf7+ Kc8 45. Rf6 Kc7 46. e6 Ra2+ 47. Ke3 Rg2 48. Kf3 Rd2 49. Re3 Re7 50. Rf7 Kd8 51. Nh6 Ke8 52. Rxe7+ Kxe7 53. Nf5+ Ke8 54. e7 Rd8 55. exd8=Q+ Kxd8 56. c5 Kc7 57. Re7+ Kb8 58. Nd6 Ka7 59. Rxb7+ Ka6 60. Ke4 1-0

[Event "FIDE WCCC Open-08 2024"]
[Site "Montesilvano"]
[Date "2024.11.20"]
[Round "6.16"]
[White "Nurshin, Nurali"]
[Black "Dzelnik, Robert"]
[Result "1-0"]
[ECO "C57"]
[WhiteElo "1612"]
[BlackElo "1822"]
[Annotator "NA RC"]
[PlyCount "61"]
[EventDate "2024.11.18"]
[EventType "swiss"]
[EventCountry "ITA"]
[SourceTitle "playchess.com"]
[Source "ChessBase"]
[SourceQuality "1"]
[TimeControl "5400+30"]

1. e4 e5 2. Nf3 Nc6 3. Bc4 Nf6 4. Ng5 Nxe4 5. Bxf7+ Ke7 6. d4 Nxd4 7. c3 Nc6 8. Bd5 Nd6 9. Ne6 dxe6 10. Bg5+ Kd7 11. Bxc6+ bxc6 12. Bxd8 Kxd8 13. Nd2 Ba6 14. Nf3 Be7 15. Nxe5 Bb7 16. Nf7+ Kd7 17. Nxh8 Rxh8 18. c4 c5 19. Qa4+ Bc6 20. Qxa7 Ra8 21. Qxc5 Nf5 22. O-O-O+ Ke8 23. Qxc6+ Kf7 24. Qxa8 Ba3 25. Qxa3 Ne3 26. Rd7+ Kf6 27. Qxe3 e5 28. Re1 g5 29. Qxe5+ Kg6 30. Qe6+ Kh5 31. Rxh7# 1-0

[Event "FIDE WCCC Open-08 2024"]
[Site "Montesilvano"]
[Date "2024.11.20"]
[Round "6.17"]
[White "Ayaan Phutane"]
[Black "Muratshin, Ramazan"]
[Result "1-0"]
[ECO "D35"]
[WhiteElo "1796"]
[BlackElo "1597"]
[Annotator "NA RC"]
[PlyCount "89"]
[EventDate "2024.11.18"]
[EventType "swiss"]
[EventCountry "ITA"]
[SourceTitle "playchess.com"]
[Source "ChessBase"]
[SourceQuality "1"]
[TimeControl "5400+30"]

1. d4 d5 2. c4 e6 3. cxd5 exd5 4. Nc3 Nf6 5. Bg5 c6 6. e3 Be7 7. Bd3 h6 8. Bf4 O-O 9. h3 Be6 10. Nge2 Nbd7 11. O-O Nb6 12. Bh2 Qd7 13. Qc2 Bd6 14. Nf4 Bxf4 15. Bxf4 Nc4 16. b3 Nb6 17. a4 Qe7 18. a5 Nbd7 19. Rfb1 Rfc8 20. b4 Nh5 21. Bh2 Nhf6 22. Qe2 Nh7 23. Na4 Qg5 24. Bf4 Qe7 25. Nc5 Nxc5 26. bxc5 Rd8 27. a6 Bc8 28. axb7 Bxb7 29. Bd6 Qd7 30. Qc2 Ng5 31. Bf5 Ne6 32. Ra5 Bc8 33. Bd3 g6 34. Qe2 f5 35. Qf3 Ng5 36. Qg3 Qf7 37. Bf4 Qf6 38. Be5 Qf7 39. f4 Ne4 40. Bxe4 dxe4 41. Qh4 Qf8 42. Bd6 Qe8 43. Qxh6 Be6 44. Be5 Rd7 45. Qh8+ 1-0

[Event "FIDE WCCC Open-08 2024"]
[Site "Montesilvano"]
[Date "2024.11.20"]
[Round "6.18"]
[White "Wang, Yihan(Ah)"]
[Black "Kuncoro, Leo"]
[Result "1/2-1/2"]
[ECO "B22"]
[WhiteElo "1630"]
[BlackElo "1726"]
[Annotator "NA RC"]
[PlyCount "148"]
[EventDate "2024.11.18"]
[EventType "swiss"]
[EventCountry "ITA"]
[SourceTitle "playchess.com"]
[Source "ChessBase"]
[SourceQuality "1"]
[TimeControl "5400+30"]

1. e4 c5 2. c3 d5 3. exd5 Qxd5 4. d4 Nc6 5. Nf3 Nf6 6. Be2 e6 7. O-O cxd4 8. cxd4 Be7 9. Nc3 Qd6 10. Be3 O-O 11. h3 b6 12. Qb3 Qb4 13. Rfd1 Rd8 14. Qxb4 Nxb4 15. Ne5 Bb7 16. Rac1 Rac8 17. a3 Nbd5 18. Bf3 a6 19. Na4 Ba8 20. b4 h6 21. g4 Nxe3 22. fxe3 Bxf3 23. Nxf3 Nd5 24. e4 Rxc1 25. Rxc1 Nf4 26. Kh2 Ne2 27. Rc6 Nxd4 28. Nxd4 Rxd4 29. Rxb6 Rxe4 30. Rxa6 Re2+ 31. Kg1 Re1+ 32. Kf2 Ra1 33. Nc5 Ra2+ 34. Kf3 Rc2 35. Nd3 Rc3 36. Ke3 Bg5+ 37. Ke2 Rc2+ 38. Kf3 Rc3 39. Ke2 Rc2+ 40. Ke1 Rh2 41. b5 Rh1+ 42. Ke2 Rh2+ 43. Kf1 Rxh3 44. Rd6 Rh1+ 45. Kg2 Rb1 46. a4 Be3 47. Kf3 Bg1 48. Rd8+ Kh7 49. Rb8 Bh2 50. Rb7 Ra1 51. Ra7 Rb1 52. Rb7 Ra1 53. Ra7 Rb1 54. Kg2 Bg1 55. Rb7 Bd4 56. a5 Rb3 57. Nf4 Ra3 58. a6 Ra2+ 59. Kf3 Ra3+ 60. Ke2 f6 61. Nd3 e5 62. Nb4 h5 63. gxh5 f5 64. Rf7 Rb3 65. Nc6 Rxb5 66. Rxf5 Rb2+ 67. Kd3 Ra2 68. Nxd4 exd4 69. Kxd4 Rxa6 70. Ke5 Ra5+ 71. Kf4 Rxf5+ 72. Kxf5 Kh6 73. Kg4 g5 74. hxg6 Kxg6 1/2-1/2

[Event "FIDE WCCC Open-08 2024"]
[Site "Montesilvano"]
[Date "2024.11.20"]
[Round "6.19"]
[White "Jevglevski, Lev"]
[Black "Vo, Daniel"]
[Result "1-0"]
[ECO "B46"]
[WhiteElo "1602"]
[BlackElo "1711"]
[Annotator "NA RC"]
[PlyCount "91"]
[EventDate "2024.11.18"]
[EventType "swiss"]
[EventCountry "ITA"]
[SourceTitle "playchess.com"]
[Source "ChessBase"]
[SourceQuality "1"]
[TimeControl "5400+30"]

1. e4 c5 2. Nf3 e6 3. d4 cxd4 4. Nxd4 Nc6 5. Nc3 a6 6. Nxc6 bxc6 7. e5 Bb4 8. Qg4 Bf8 9. Be3 Ne7 10. O-O-O Nf5 11. Bc4 Rb8 12. Qe4 Qa5 13. Bd2 Qb4 14. Nb5 Qa4 15. Nc3 Qa3 16. Bb3 Qc5 17. g4 Ne7 18. Be3 Qb4 19. Rd4 Qb7 20. Rhd1 Nd5 21. Nxd5 cxd5 22. Qf3 Be7 23. Qe2 Qc6 24. f4 Qb5 25. Qf2 a5 26. f5 Rf8 27. g5 Bc5 28. a4 Qc6 29. R4d3 Bxe3+ 30. Qxe3 Rb4 31. Rc3 Qb7 32. Qc5 Qc6 33. Qxa5 Rc4 34. Bxc4 dxc4 35. f6 gxf6 36. gxf6 Rg8 37. Qb4 Kd8 38. Rxc4 Qxc4 39. Qxc4 Bb7 40. a5 Bc6 41. Qxc6 d5 42. a6 Rg4 43. a7 Ra4 44. Qxa4 Kc7 45. a8=Q d4 46. Q4c6# 1-0

[Event "FIDE WCCC Open-08 2024"]
[Site "Montesilvano"]
[Date "2024.11.20"]
[Round "6.20"]
[White "Meiyazhagan, Kaviinayan"]
[Black "Tuguldur, Baatarchuluun"]
[Result "1-0"]
[ECO "C50"]
[WhiteElo "1707"]
[BlackElo "1590"]
[Annotator "NA RC"]
[PlyCount "131"]
[EventDate "2024.11.18"]
[EventType "swiss"]
[EventCountry "ITA"]
[SourceTitle "playchess.com"]
[Source "ChessBase"]
[SourceQuality "1"]
[TimeControl "5400+30"]

1. e4 e5 2. Nf3 Nc6 3. Bc4 Bc5 4. d3 Nf6 5. O-O d6 6. h3 a6 7. a3 b5 8. Ba2 h6 9. Nc3 O-O 10. Be3 Nd4 11. Nd5 c6 12. Nxf6+ Qxf6 13. Nxd4 exd4 14. Bd2 Qg6 15. Kh2 Be6 16. f4 Bxa2 17. Rxa2 f5 18. exf5 Qxf5 19. Qf3 d5 20. Raa1 Bd6 21. g3 Rf6 22. Rae1 Raf8 23. Qg2 h5 24. Kh1 g5 25. Kg1 Kh7 26. g4 hxg4 27. hxg4 Qg6 28. f5 Qg7 29. Re6 Qh6 30. Rxf6 Qxf6 31. Re1 Be5 32. Qh3+ Kg7 33. Qh5 Rh8 34. Qxg5+ Kf7 35. Qxf6+ Kxf6 36. Rf1 Rg8 37. g5+ Rxg5+ 38. Bxg5+ Kxg5 39. Kg2 c5 40. Rh1 Kxf5 41. Rh7 Bf4 42. Rh1 Ke6 43. Kf3 Be3 44. Kg4 a5 45. Kf3 Kd6 46. Kg4 Kc6 47. Kf5 b4 48. a4 c4 49. b3 Kd6 50. Rh8 cxb3 51. cxb3 Kc7 52. Ra8 Kb6 53. Ke6 Bg1 54. Kxd5 Be3 55. Rb8+ Ka6 56. Kc6 Ka7 57. Rb5 Ka6 58. Rb6+ Ka7 59. Kb5 Bf4 60. Ra6+ Kb7 61. Rxa5 Bd2 62. Ra6 Bc3 63. Rd6 Kc7 64. Rd5 Kb7 65. a5 Ka7 66. a6 1-0